 Dungeon Crawl Stone Soup version 0.24-a0-275-g6f7e2cb (webtiles) character file.

Game seed: 17142910672214050134

2391 Dantiko the Skirmisher (level 9, 0/72 HPs)
             Began as a Formicid Abyssal Knight on Apr 27, 2019.
             Was an Elder of Lugonu.
             Succumbed to a killer bee's poison
             ... on level 8 of the Dungeon.
             The game lasted 00:21:49 (8018 turns).

Dantiko the Skirmisher (Formicid Abyssal Knight)    Turns: 8018, Time: 00:21:50

Health: 0/72       AC: 14    Str: 25 (27) XL:     9   Next: 74%
Magic:  12/12      EV:  8    Int: 10 (12) God:    Lugonu [****..]
Gold:   459        SH:  0    Dex:  5 (6)  Spells: 8/8 levels left

rFire    . . .     SeeInvis +   w - +5 war axe "Qaetaj" {drain, rN+}
rCold    + . .     Gourm    +   (no shield)
rNeg     + . .     Faith    .   u - +0 plate armour
rPois    .         Spirit   .   (helmet unavailable)
rElec    .         Reflect  .   (no cloak)
rCorr    .         Harm     .   (no gloves)
MR       .....                  v - +0 pair of boots
Stlth    ..........             j - amulet "Naum" {Gourm +Blink Str+2 Dex-4}
HPRegen  0.22/turn              g - ring of protection from cold
MPRegen  0.13/turn              (no ring)

@: mighty, lethally poisoned (0 -> -12)
A: permanent stasis, dig shafts and tunnels, four strong arms, antennae 3
a: Dig, Shaft Self, Depart the Abyss, Bend Space, Banish, Corrupt, Renounce
Religion


You were on level 8 of the Dungeon.
You worshipped Lugonu.
Lugonu was greatly pleased with you.
You were full.

You visited 2 branches of the dungeon, and saw 9 of its levels.
You visited the Abyss 1 time.

You collected 459 gold pieces.

Inventory:

Hand Weapons
 w - the +5 war axe "Qaetaj" (weapon) {drain, rN+}
   (You found it on level 4 of the Dungeon)

   A truly terrible weapon, it drains the life of those it strikes.
   It protects you from negative energy.
 D - a +0 long sword
Missiles
 d - 70 poisoned needles
 e - 14 stones (quivered)
Armour
 u - a +0 plate armour (worn)
 v - a +0 pair of boots (worn)
Jewellery
 g - a ring of protection from cold (left hand)
 j - the amulet "Naum" (around neck) {Gourm +Blink Str+2 Dex-4}
   (You found it on level 4 of the Dungeon)

   [amulet of the gourmand]

   It allows you to eat raw meat even when not hungry.
   It affects your strength (+2).
   It affects your dexterity (-4).
   It lets you blink.
Wands
 t - a wand of digging (5)
Scrolls
 n - 8 scrolls of remove curse
 o - 3 scrolls of magic mapping
 p - 2 scrolls of amnesia {unknown}
 r - 4 scrolls of enchant weapon
 s - 2 scrolls of fog
 x - a scroll of torment {unknown}
 y - a scroll of enchant armour {unknown}
Potions
 a - a potion of magic {unknown}
 f - 2 potions of brilliance
 h - 3 potions of flight
 i - a potion of cancellation
 A - a potion of curing {unknown}
Comestibles
 c - 8 rations


   Skills:
 + Level 7.3 Fighting
 - Level 7.0 Long Blades
 - Level 6.1 Armour
 + Level 5.4 Dodging
 - Level 4.1 Invocations


You had 8 spell levels left.
You didn't know any spells.
Your spell library was empty.

Dungeon Overview and Level Annotations

Branches:
Dungeon (8/15)             Temple (1/1) D:5
   Lair: D:8-11

Altars:
Ashenzari
Cheibriados
Dithmenos
Elyvilon
Fedhas
Gozag
Hepliaklqana
Kikubaaqudgha
Makhleb
Nemelex Xobeh
Okawaru
Qazlal
Ru
Sif Muna
Trog
Uskayaw
Vehumet
Wu Jian
Xom
Yredelemnul
Zin
The Shining One


Innate Abilities, Weirdness & Mutations

You cannot be hasted, slowed, berserked, paralysed or teleported.
You can dig through walls and to a lower floor.
Your four strong arms can wield two-handed weapons with a shield.
You have a pair of large antennae on your head. (SInv)


Message History

The killer bee stings you but does no damage. x2
You closely miss the killer bee.
The killer bee is severely wounded.
You feel sick. The killer bee stings you.
* * * LOW HITPOINT WARNING * * *
The killer bee stings you.
* * * LOW HITPOINT WARNING * * *
You are more poisoned.
The killer bee poisons you!
The killer bee stings you but does no damage.
It was a potion of degeneration.
There was something very wrong with that liquid.
You feel weakened.
You feel dopey.
You feel clumsy.
* * * LOW HITPOINT WARNING * * *
You feel sick.
The killer bee stings you but does no damage.
The killer bee barely misses you.
It was a potion of might.
You feel very mighty all of a sudden.
You die...

#..#### ##..#.#
#....#.##......#
#..............#
#.†# #.# ##.#
#.# #.# #.# #.#
#.#
#.######.####.#
#....y@.......#
#.######<######
### ###


You could see a killer bee.

Vanquished Creatures
  A queen bee (D:8)
  A hungry ghost (D:4)
  Menkaure (D:5)
  2 ice beasts (D:7)
  2 orc warriors (D:7)
  2 phantoms
  A bullfrog (D:6)
  A scorpion (D:6)
  12 killer bees
  A crimson imp (D:5)
  A jelly (D:6)
  2 orc priests (D:4)
  2 hounds
  6 orc wizards
  An iguana (D:5)
  4 worker ants
  2 hound zombies (D:5)
  2 hound skeletons
  A worker ant zombie (D:5)
  A howler monkey skeleton (D:4)
  10 adders
  2 oozes
  3 worms (D:2)
  2 dart slugs
  5 leopard geckos
  15 orcs
  2 ball pythons
  5 giant cockroaches
  3 goblins (D:2)
  7 hobgoblins
  11 jackals
  10 bats
  6 frilled lizards
  A jackal skeleton (D:5)
  4 kobolds
  7 rats
139 creatures vanquished.

Notes
Turn   | Place    | Note
-------+----------+-------------------------------------------
     0 | Abyss:1  | Dantiko the Formicid Abyssal Knight began the quest for the
                  | Orb.
     0 | Abyss:1  | Reached XP level 1. HP: 18/18 MP: 2/2
     9 | D:1      | Escaped the Abyss
   322 | D:1      | Reached XP level 2. HP: 25/25 MP: 3/3
   972 | D:2      | Reached XP level 3. HP: 30/30 MP: 4/4
  1220 | D:2      | Reached ** piety under Lugonu
  1305 | D:2      | Reached XP level 4. HP: 25/37 MP: 5/5
  1507 | D:2      | Found a faded altar of an unknown god.
  2133 | D:3      | Reached XP level 5. HP: 26/42 MP: 6/6
  2601 | D:4      | Found a sparkling altar of Nemelex Xobeh.
  2824 | D:4      | Reached skill level 5 in Long Blades
  3213 | D:4      | Reached XP level 6. HP: 35/48 MP: 7/7
  3416 | D:4      | Got a transparent amethyst amulet
  3548 | D:4      | Noticed a hungry ghost
  3585 | D:4      | Killed a hungry ghost
  3585 | D:4      | Reached *** piety under Lugonu
  3585 | D:4      | Reached XP level 7. HP: 16/54 MP: 8/8
  3654 | D:4      | Identified the amulet "Naum" {Gourm +Blink Str+2 Dex-4}
                  | (You found it on level 4 of the Dungeon)
  3675 | D:4      | Got an encrusted war axe
  3676 | D:4      | Identified the +5 war axe "Qaetaj" {drain, rN+} (You found
                  | it on level 4 of the Dungeon)
  3801 | D:5      | Entered Level 5 of the Dungeon
  3812 | D:5      | Reached skill level 1 in Dodging
  3874 | D:5      | Found a staircase to the Ecumenical Temple.
  3948 | Temple   | Entered the Ecumenical Temple
  4356 | D:5      | Noticed Menkaure
  4360 | D:5      | Killed Menkaure
  4360 | D:5      | Reached XP level 8. HP: 44/60 MP: 9/9
  4461 | D:5      | Found a stormy altar of Qazlal.
  4880 | D:6      | Reached skill level 5 in Armour
  5071 | D:6      | Found a deep blue altar of Sif Muna.
  6199 | D:7      | Reached **** piety under Lugonu
  6199 | D:7      | Reached skill level 5 in Fighting
  6199 | D:7      | Reached XP level 9. HP: 48/68 MP: 10/12
  6859 | D:8      | Noticed a queen bee
  7152 | D:8      | Killed a queen bee
  7524 | D:7      | Reached skill level 5 in Dodging
  8016 | D:8      | HP: 3/72 [killer bee (5)]
  8018 | D:8      | Succumbed to a killer bee's poison

Levels and vault maps discovered:
D:1:      dpeg_arrival_central, layout_loops_corners, minivault_19,
          grunt_decor_mini_mirrors, minivault_14
D:2:      layout_loops_corners, chequers_ecumenical_altar_simple_redux,
          minmay_tiny_reverse_x
D:3:      layout_basic
D:4:      layout_basic, nemelex_xobeh_ov_fountains_minmay
D:5:      layout_basic, minmay_temple_entry_arrows, first_ration, basic_altar,
          uniq_menkaure
D:6:      layout_gridville, basic_altar
D:7:      lemuel_ice_spiral_2, layout_basic
D:8:      layout_basic, david_nohive_1, elyvilon_altar_5
Temple:   nicolae_temple_the_god_donut

Skill      XL: |  1  2  3  4  5  6  7  8  9 |
---------------+----------------------------+-----
Fighting       | 4 5 7 |  7.3
Long Blades    | 3 4 5 7 |  7.0
Dodging        | 3 5 |  5.4
Armour         | 3 6 |  6.1
Invocations    | 4 |  4.1

Action                   |  1- 3 |  4- 6 |  7- 9 || total
-------------------------+-------+-------+-------++-------
Melee: Falchion          |    94 |   183 |    13 ||   290
       War axe           |       |       |   282 ||   282
Invok: Bend Space        |       |     1 |       ||     1
 Abil: Dig               |     3 |     1 |    13 ||    17
  Use: Scroll            |       |     7 |     3 ||    10
       Potion            |       |       |     5 ||     5
  Eat: Chunk             |     2 |     7 |    24 ||    33
       Ration            |       |     3 |       ||     3
Armor: Ring mail         |    38 |    46 |       ||    84
       Leather armour    |     8 |       |       ||     8
       Plate armour      |       |    18 |   293 ||   311
Dodge: Dodged            |    70 |    76 |   212 ||   358
       Rpst.: Falchion   |    18 |    25 |     3 ||    46

Table legend:
 A = Non-vault XP
 B = Vault XP
 C = Vault XP percentage of total XP
 D = Non-vault monster count
 E = Vault monster count
 F = Vault count percentage of total count
                 A         B        C        D         E       F
            +---------+---------+-------+---------+---------+-------
      Total |    2179 |    1237 |  36.2 |     123 |      16 |  11.5
            +---------+---------+-------+---------+---------+-------
        D:1 |      27 |       0 |   0.0 |      16 |       0 |   0.0
        D:2 |      82 |       9 |   9.9 |      21 |       2 |   8.7
        D:3 |      42 |       0 |   0.0 |      15 |       0 |   0.0
        D:4 |     479 |       0 |   0.0 |      19 |       0 |   0.0
        D:5 |     393 |     172 |  30.4 |      14 |       1 |   6.7
        D:6 |     369 |       0 |   0.0 |      19 |       0 |   0.0
        D:7 |     719 |     254 |  26.1 |      13 |       4 |  23.5
        D:8 |      68 |     802 |  92.2 |       6 |       9 |  60.0
            +---------+---------+-------+---------+---------+-------
